 Dungeon Crawl Stone Soup version 0.29.1-2-gbd0b4ee654 (webtiles) character file.

Game seed: 12415382233603737088

238 safid the Shooter (level 5, -1/48 HPs)
             Began as a Minotaur Hunter on Nov 8, 2022.
             Slain by Edmund
             ... wielding a +5 flail of protection
              (11 damage)
             ... on level 4 of the Dungeon.
             The game lasted 00:03:16 (2224 turns).

safid the Shooter (Minotaur Hunter)                 Turns: 2224, Time: 00:03:17

Health: -1/48      AC:  3    Str: 16    XL:     5   Next: 78%
Magic:  4/4        EV: 12    Int:  6    God:
Gold:   194        SH:  5    Dex: 15    Spells: 4/4 levels left

rFire   . . .      SeeInvis .   a - +0 shortbow
rCold   . . .      Faith    .   (shield currently unavailable)
rNeg    . . .      Spirit   .   c - +0 leather armour
rPois   .          Reflect  +   (helmet restricted)
rElec   .          Harm     .   (no cloak)
rCorr   .          Rampage  .   (no gloves)
Will    .....                   (no boots)
Stlth   +.........              i - amulet of reflection
HPRegen 0.16/turn               (no ring)
MPRegen 0.09/turn               (no ring)

@: no status effects
A: horns 2, retaliatory headbutt
a: no special abilities


You were on level 4 of the Dungeon.
You visited 1 branch of the dungeon, and saw 4 of its levels.

You collected 194 gold pieces.

Inventory:

Hand Weapons
 a - a +0 shortbow (weapon)
Missiles
 d - 5 javelins
Armour
 c - a +0 leather armour (worn)
Jewellery
 i - an amulet of reflection (around neck)
 k - a +6 ring of strength
 p - a ring of magical power
Wands
 r - a wand of flame (15)
Scrolls
 b - 2 scrolls of immolation
 e - 3 scrolls of vulnerability {unknown}
 g - a scroll of fog {unknown}
 h - 2 scrolls of poison {unknown}
 l - 2 scrolls of fear {unknown}
 m - a scroll of identify {unknown}
 o - a scroll of magic mapping {unknown}
Potions
 f - a potion of mutation {unknown}
 j - a potion of resistance {unknown}
 n - a potion of magic {unknown}
 q - a potion of might {unknown}


   Skills:
 + Level 5.5 Fighting
 + Level 6.3 Ranged Weapons
 - Level 2.1 Dodging
 - Level 0.7 Stealth


You had 4 spell levels left.
You didn't know any spells.
Your spell library contained the following spells:

 Spells                   Type           Power      Damage    Failure   Level
 Magic Dart               Conj           0%         1d3       52%         1
 Call Imp                 Summ           0%         N/A       67%         2
 Searing Ray              Conj           0%         2d4       67%         2
 Mephitic Cloud           Conj/Pois/Air  0%         N/A       88%         3
 Fulminant Prism          Conj/Hex       0%         3d6       99%         4


Dungeon Overview and Level Annotations

Branches:
Dungeon (4/15)
 Temple: D:4-7

Altars:
Fedhas
Zin

Annotations:
D:2 1 runed translucent door, Crazy Yiuf
D:4 Edmund


Innate Abilities, Weirdness & Mutations

You have a pair of horns on your head.
You reflexively headbutt those who attack you in melee.


Message History

Fire: a) +0 shortbow
Press: ? - help, Q - select action, (/) - cycle Shift-Dir - straight line, f/p - Edmund
Aim: Edmund, wielding a +5 flail of protection and wearing a +0 leather armour (heavily wounded, 64% to hit)
You shoot an arrow. The arrow barely misses Edmund.
Edmund barely misses you. You furiously retaliate!
You headbutt Edmund.
Fire: a) +0 shortbow
Press: ? - help, Q - select action, (/) - cycle Shift-Dir - straight line, f/p - Edmund
Aim: Edmund, wielding a +5 flail of protection and wearing a +0 leather armour (heavily wounded, 64% to hit)
You shoot an arrow.
The arrow hits Edmund but does no damage.
Edmund is heavily wounded.
Edmund hits you with a +5 flail of protection!
* * * LOW HITPOINT WARNING * * *
Fire: a) +0 shortbow
Press: ? - help, Q - select action, (/) - cycle Shift-Dir - straight line, f/p - Edmund
Aim: Edmund, wielding a +5 flail of protection and wearing a +0 leather armour (heavily wounded, 64% to hit)
You shoot an arrow. The arrow hits Edmund!
Edmund is severely wounded.
Edmund closely misses you.
Fire: a) +0 shortbow
Press: ? - help, Q - select action, (/) - cycle Shift-Dir - straight line, f/p - Edmund
Aim: Edmund, wielding a +5 flail of protection and wearing a +0 leather armour (severely wounded, 64% to hit)
You shoot an arrow.
The arrow hits Edmund but does no damage.
Edmund is severely wounded.
Edmund hits you with a +5 flail of protection.
* * * LOW HITPOINT WARNING * * *
Fire: a) +0 shortbow
Press: ? - help, Q - select action, (/) - cycle Shift-Dir - straight line, f/p - Edmund
Aim: Edmund, wielding a +5 flail of protection and wearing a +0 leather armour (severely wounded, 64% to hit)
You shoot an arrow. The arrow closely misses Edmund.
Edmund hits you with a +5 flail of protection.
* * * LOW HITPOINT WARNING * * *
Fire: a) +0 shortbow
Press: ? - help, Q - select action, (/) - cycle Shift-Dir - straight line, f/p - Edmund
Aim: Edmund, wielding a +5 flail of protection and wearing a +0 leather armour (severely wounded, 64% to hit)
You shoot an arrow. The arrow barely misses Edmund.
Edmund barely misses you.
Edmund hits you with a +5 flail of protection!
You die...

#.........†..##.#
#............##.# .
#....[.......##.#
#..............##.#
#.....#+#......##.# #...
#.#.##.####.# #....
#.#..#.##...######
#.....#.##.#.##.........
#.....@@...#.##.....###.
#.##########.##.....# #.
#.....# #. #.....# #. #
##########. #.
.........#.
#.#########.#.
#.............
#..#######..#.


You could see Edmund.

Vanquished Creatures
  2 orc wizards (D:3)
  Natasha (twice) (D:2)
  4 adders
  4 gnolls (D:2)
  A dart slug (D:3)
  4 orcs (D:3)
  6 ball pythons
  5 bats
  6 endoplasms
  3 giant cockroaches
  3 hobgoblins
  6 frilled lizards
  12 goblins
  4 kobolds
  A rat (D:1)
63 creatures vanquished.

Notes
Turn   | Place    | Note
-------+----------+-------------------------------------------
     0 | D:1      | safid the Minotaur Hunter began the quest for the Orb.
     0 | D:1      | Reached XP level 1. HP: 18/18 MP: 0/0
   138 | D:1      | Found a faded altar of an unknown god.
   190 | D:1      | Reached XP level 2. HP: 25/25 MP: 1/1
   539 | D:2      | Found a runed translucent door.
   540 | D:2      | Noticed Crazy Yiuf
   589 | D:2      | Reached skill level 5 in Ranged Weapons
   589 | D:2      | Reached XP level 3. HP: 31/31 MP: 2/2
   723 | D:2      | Noticed Natasha
   736 | D:2      | Killed Natasha
   778 | D:2      | Noticed Natasha
   784 | D:2      | Killed Natasha
   785 | D:2      | Reached XP level 4. HP: 24/41 MP: 3/3
   918 | D:2      | Identified the +10 chain mail of the Other Side {-Tele rC++
                  | rN+}
  1324 | D:3      | Reached XP level 5. HP: 47/47 MP: 4/4
  1605 | D:3      | Found a blossoming altar of Fedhas.
  1742 | D:3      | Reached skill level 5 in Fighting
  1742 | D:3      | Reached skill level 6 in Ranged Weapons
  2145 | D:4      | Found a glowing silver altar of Zin.
  2211 | D:4      | Noticed Edmund
  2224 | D:4      | Slain by Edmund

Illustrated notes

Levels and vault maps discovered:
D:1:      wander_arrival_estate, layout_rooms, chequers_ecumenical_altar_lobes
D:2:      layout_basic, serial_curves, eino_curves_02, eino_curves_01,
          eino_curves_01, amethyst_killhole, nicolae_elevator_lobby_asterisk,
          uniq_natasha, uniq_crazy_yiuf_cottage
D:3:      layout_loops_ring, fedhas_altar_4, kennysheep_cross_room
D:4:      layout_basic, yredelemnul_forgotten_temple_becter,
          amcnicky_altar_gilded, grunt_decor_arrowhead, uniq_edmund

Skill      XL: |  1  2  3  4  5 |
---------------+----------------+-----
Fighting       | 3 4 5 |  5.5
Ranged Weapons | 5 6 |  6.3
Dodging        | |  2.1
Stealth        | |  0.7

Action                   |  1- 3 |  4- 6 || total
-------------------------+-------+-------++-------
 Fire: Shortbow          |    72 |   104 ||   176
Armor: Leather armour    |     6 |    15 ||    21
Dodge: Dodged            |    15 |    26 ||    41
Block: Other             |     1 |    11 ||    12
